 Dungeon Crawl Stone Soup version 0.28.0-43-g3370ac3207 (webtiles) character file.

Game seed: 14395494797943799455

31 bnorton916 the Chiller (level 3, -1/24 HPs)
             Began as a Barachi Ice Elementalist on Mar 17, 2022.
             Slain by Sigmund
             ... wielding a +0 scythe
              (12 damage)
             ... on level 1 of the Dungeon.
             The game lasted 00:02:54 (1659 turns).

bnorton916 the Chiller (Barachi Ice Elementalist)   Turns: 1659, Time: 00:02:54

Health: -1/24      AC:  3    Str:  9    XL:     3   Next: 22%
Magic:  2/7        EV: 12    Int: 17    God:
Gold:   28         SH:  0    Dex: 12    Spells: 0/7 levels left

rFire   . . .      SeeInvis .   (no weapon)
rCold   . . .      Faith    .   (no shield)
rNeg    . . .      Spirit   .   a - +0 robe
rPois   .          Reflect  .   (no helmet)
rElec   .          Harm     .   (no cloak)
rCorr   .          Rampage  .   (no gloves)
Will    .....                   e - +0 pair of boots
Stlth   ++........              (no amulet)
HPRegen 0.08/turn               (no ring)
MPRegen 0.10/turn               (no ring)

@: freezing walls, slow
A: amphibious, slowness 1, strong legs 1, +LOS
a: Hop


You were on level 1 of the Dungeon.
You visited 1 branch of the dungeon, and saw 2 of its levels.

You collected 28 gold pieces.

Inventory:

Missiles
 c - 39 stones
Armour
 a - a +0 robe (worn)
 e - a +0 pair of boots (worn)
 f - a +3 leather armour of positive energy
Scrolls
 b - a scroll of amnesia {unknown}
Potions
 d - a potion of haste {unknown}
 g - a potion of flight {unknown}


   Skills:
 + Level 0.9 Armour
 - Level 2.1 Dodging
 - Level 1.7 Stealth
 - Level 2.9 Spellcasting
 + Level 5.4 Ice Magic


You couldn't memorise any spells.
You knew the following spells:

 Your Spells              Type           Power      Damage    Failure   Level
a - Freeze                Ice            84%        1d10      1%          1
b - Frozen Ramparts       Ice            42%        1d6       5%          3
c - Ozocubu's Armour      Ice            21%        N/A       5%          3

Your spell library contained the following spells:

 Spells                   Type           Power      Damage    Failure   Level
 Hailstorm                Conj/Ice       11%        3d5       50%         4


Dungeon Overview and Level Annotations

Branches:
Dungeon (2/15)

Altars:

Annotations:
D:1 Sigmund
D:2 Jessica


Innate Abilities, Weirdness & Mutations

You are amphibious.
You cover ground slowly.
You can hop short distances.
You have an extended range of vision and can be seen from far away.


Message History

[Y]es or [N]o only, please.
The spell is quite dangerous to miscast (5% risk of failure)!
Continue anyway?
Casting: Frozen Ramparts (quite dangerous; 5% risk of failure)
Press: ? - help, Dir - look around, f - activate A rock wall.
Okay, then.
Casting: Frozen Ramparts (quite dangerous; 5% risk of failure)
Confirm with . or Enter, or press ? or * to list all spells.
The spell is quite dangerous to miscast (5% risk of failure)!
Continue anyway? [Y]es or [N]o only, please.
The spell is quite dangerous to miscast (5% risk of failure)!
Continue anyway?
Casting: Frozen Ramparts (quite dangerous; 5% risk of failure)
Press: ? - help, Dir - look around, f - activate A stone staircase leading down.
The walls around you are covered in ice.
The wall freezes Sigmund.
Sigmund hits you with a +0 scythe!
Unknown command.
Casting: Frozen Ramparts (quite dangerous; 5% risk of failure)
Confirm with . or Enter, or press ? or * to list all spells.
The spell is quite dangerous to miscast (5% risk of failure)!
Continue anyway? [Y]es or [N]o only, please.
The spell is quite dangerous to miscast (5% risk of failure)!
Continue anyway?
Okay, then.
Casting: Ozocubu's Armour (quite dangerous; 5% risk of failure)
Confirm with . or Enter, or press ? or * to list all spells.
Aiming: Freeze (safe; 1% risk of failure)
Press: ? - help, Shift-Dir - straight line, f - Sigmund
Aim: Sigmund, wielding a +0 scythe and wearing a +0 robe (lightly wounded)
You freeze Sigmund!
Sigmund is moderately wounded.
Casting: Freeze (safe; 1% risk of failure)
Confirm with . or Enter, or press ? or * to list all spells.
Aiming: Freeze (safe; 1% risk of failure)
Press: ? - help, Shift-Dir - straight line, f/p - Sigmund
Aim: Sigmund, wielding a +0 scythe and wearing a +0 robe (moderately wounded)
You freeze Sigmund!
Sigmund is severely wounded.
The wall freezes Sigmund.
Sigmund hits you with a +0 scythe!
Ouch! That really hurt!
You die...

##.#.######### #.#.#
..........# #.#.#
##...####.# #†#.# ##...#
#.# #.#.# ##...####.#
#####.#.# ##...#....###
##.....#.#
.#..........###...####.#
.#....P..P.............#
.#...........##.@@####.#
.#..P......P..##.## #.#
...............#.#####.#
.#.....................#
....P......P.....#######
...............#......#
.##...P..P.....#.####.#
.###...........#.# #.#
## ###.....#...#.# #.#


You could see Sigmund.

Vanquished Creatures
  A dart slug (D:1)
  3 bats (D:1)
  2 endoplasms (D:2)
  A giant cockroach (D:1)
  3 hobgoblins (D:1)
  2 jackals (D:1)
  2 quokkas (D:2)
  5 ball pythons
  A goblin (D:1)
  2 kobolds (D:1)
  4 rats
26 creatures vanquished.

Notes
Turn   | Place    | Note
-------+----------+-------------------------------------------
     0 | D:1      | bnorton916 the Barachi Ice Elementalist began the quest for
                  | the Orb.
     0 | D:1      | Reached XP level 1. HP: 13/13 MP: 3/3
   212 | D:1      | Reached skill level 5 in Ice Magic
   298 | D:1      | Reached XP level 2. HP: 19/19 MP: 2/5
   356 | D:1      | You fall into a shaft and drop 1 floor!
   634 | D:2      | Noticed Sigmund
   896 | D:2      | Noticed Jessica
  1161 | D:1      | Reached XP level 3. HP: 21/24 MP: 5/7
  1165 | D:1      | Learned a level 3 spell: Frozen Ramparts
  1169 | D:1      | Learned a level 3 spell: Ozocubu's Armour
  1659 | D:1      | Slain by Sigmund

Illustrated notes

Levels and vault maps discovered:
D:1:      matt_arrival_refuge, layout_loops_ring, minmay_misc_feat_plants
D:2:      cheibrodos_pilgrimage, layout_rooms, uniq_sigmund, uniq_jessica

Skill      XL: |  1 |
---------------+----+-----
Ice Magic      | 5 |  5.4
Armour         | |  0.9
Dodging        | |  2.1
Stealth        | |  1.7
Spellcasting   | |  2.9

Action                   || total
-------------------------++-------
Melee: Unarmed           ||    12
       Punch             ||     1
 Cast: Freeze            ||    37
       Frozen Ramparts   ||     1
  Use: Potion            ||     2
       Scroll            ||     1
Armor: Robe              ||    13
Dodge: Dodged            ||    42
